 Dungeon Crawl Stone Soup version 0.29.1-2-gbd0b4ee654 (webtiles) character file.

Game seed: 17329020872558313853

28 tizbic2 the Cutter (level 3, 0/18 HPs)
             Began as a Vampire Gladiator on Nov 4, 2022.
             Slain by Crazy Yiuf
             ... wielding a +4 quarterstaff of chaos
              (7 damage)
             ... on level 2 of the Dungeon.
             The game lasted 00:06:15 (1098 turns).

tizbic2 the Cutter (Vampire Gladiator)              Turns: 1098, Time: 00:06:16

Health: 0/18       AC:  7    Str: 15    XL:     3   Next: 0%
Magic:  3/3        EV: 10    Int: 10    God:
Gold:   83         SH:  0    Dex: 15    Spells: 2/2 levels left

rFire   . . .      SeeInvis +   a - +0 rapier
rCold   + + .      Faith    .   (no shield)
rNeg    + + +      Spirit   .   m - +0 scale mail
rPois   ∞          Reflect  .   c - +0 helmet
rElec   .          Harm     .   (no cloak)
rCorr   .          Rampage  .   (no gloves)
Will    .....                   (no boots)
Stlth   +++.......              (no amulet)
HPRegen 0.00/turn               (no ring)
MPRegen 0.08/turn               (no ring)

@: bloodless, inhibited regen
A: bloodless, fangs 3, see invisible, vampiric 2, [frail 1]
a: Bat Form, Revivify


You were on level 2 of the Dungeon.
You visited 1 branch of the dungeon, and saw 2 of its levels.

You collected 83 gold pieces.

Inventory:

Hand Weapons
 a - a +0 rapier (weapon)
 k - a +0 vorpal mace
Missiles
 d - 3 throwing nets (quivered)
 e - a javelin
 j - 10 stones
Armour
 b - a +0 leather armour
 c - a +0 helmet (worn)
 l - a +0 chain mail
 m - a +0 scale mail (worn)
Scrolls
 f - 3 scrolls of identify {unknown}
 g - a scroll of immolation {unknown}
 h - 3 scrolls of magic mapping {unknown}
Potions
 i - a potion of heal wounds {unknown}


   Skills:
 + Level 2.1 Fighting
 * Level 3.8 Short Blades
 - Level 1.5 Throwing
 - Level 3.2 Dodging
 * Level 1.5 Stealth
 + Level 1.9 Hexes


You had 2 spell levels left.
You didn't know any spells.
Your spell library was empty.

Dungeon Overview and Level Annotations

Branches:
Dungeon (2/15)

Altars:

Annotations:
D:2 Crazy Yiuf


Innate Abilities, Weirdness & Mutations

You do not regenerate when monsters are visible.
You are frail without blood (-20% HP).
You can heal yourself when you bite living creatures.
You are immune to poison.
You have razor-sharp teeth.
You have supernaturally acute eyesight. (SInv)
You are afflicted with vampirism and can become a bat while bloodless.
[You are frail. (-10% HP)]


Message History

You feel stronger. x2
You can now turn into a vampire bat when bloodless.
j - 10 stones (gained 3)
Found a stone staircase leading up.
Okay, then.
You begin bloodletting.
You continue bloodletting. x5
HP restored.
You become bloodless.
Found 5 gold pieces.
Found a scale mail.
You now have 83 gold pieces (gained 5).
You see here a +0 scale mail.
m - a +0 scale mail You start removing your armour.
You continue taking off your +0 chain mail. x4
You finish taking off your +0 chain mail.
You start putting on your armour.
You continue putting on your +0 scale mail. x5
You finish putting on your +0 scale mail.
Found two hammers.
Found a hammer.
Found a hammer.
You see here a +0 hammer.
Press: ? - help, v - describe, . - travel, g - get item Item here: a hammer.
The floor.
Found a hammer.
Found a runed translucent door.
Crazy Yiuf shouts!
You open the door.
Crazy Yiuf whimpers, "Fire pontify Orb Guardian!"
You closely miss Crazy Yiuf.
Crazy Yiuf hits you with a +4 quarterstaff of chaos!
Ouch! That really hurt!
You hit Crazy Yiuf.
Crazy Yiuf is lightly wounded.
Crazy Yiuf hits you with a +4 quarterstaff of chaos.
Crazy Yiuf burns you.
You closely miss Crazy Yiuf.
Crazy Yiuf is lightly wounded.
Crazy Yiuf hits you with a +4 quarterstaff of chaos!
You die...

.##.# #..#.#
#.#.#..#
.##.####..#.#
#......#
..........#.#
#...##.###
.##.#########
#####....# .##.#.
###### ....#.
.####.###### ###
.# #..)...##
###..)# .#
#.....).####@g...#
.#
#.#))....#..##...#
.# #.#.....#.###
###
.####.#.#######
......#.#
.######.# .# #.#
.# #.# .## #.#


You could see Crazy Yiuf.

Vanquished Creatures
  A dart slug (D:1)
  5 bats
  2 endoplasms (D:1)
  A giant cockroach (D:1)
  A goblin (D:1)
  A hobgoblin (D:1)
  A jackal (D:2)
  2 kobolds
  2 quokkas (D:1)
  2 ball pythons (D:1)
  3 frilled lizards (D:1)
  3 rats (D:1)
24 creatures vanquished.

Notes
Turn   | Place    | Note
-------+----------+-------------------------------------------
     0 | D:1      | tizbic2 the Vampire Gladiator began the quest for the Orb.
     0 | D:1      | Reached XP level 1. HP: 16/16 MP: 1/1
   217 | D:1      | Reached skill level 1 in Hexes
   262 | D:1      | Reached XP level 2. HP: 19/19 MP: 2/2
   657 | D:1      | Reached skill level 1 in Stealth
   977 | D:2      | Gained mutation: You are afflicted with vampirism and can
                  | become a bat while bloodless. [Vampire growth]
   977 | D:2      | Reached XP level 3. HP: 21/24 MP: 3/3
  1091 | D:2      | Found a runed translucent door.
  1092 | D:2      | Noticed Crazy Yiuf
  1098 | D:2      | Slain by Crazy Yiuf

Illustrated notes

Levels and vault maps discovered:
D:1:      saegor_arrival_simple_a, layout_basic, dreamdust_mushroom_princess
D:2:      layout_loops_ring, hellmonk_ecumenical_altar_zigzags, serial_shops,
          nicolae_shop_waterfront, minmay_strange_pillars, chequers_mini_garden,
          st_stairs_3, kennysheep_generic_room_16, uniq_robin,
          uniq_crazy_yiuf_cottage, uniq_terence

Skill      XL: |  1  2 |
---------------+-------+-----
Hexes          | 1 |  1.9
Fighting       | 2 |  2.1
Stealth        | 1 |  1.5
Short Blades   | |  3.8
Throwing       | |  1.5
Dodging        | |  3.2

Action                   || total
-------------------------++-------
Melee: Rapier            ||    79
       Bite              ||     7
       Punch             ||     2
 Abil: Exsanguinate      ||     2
       Revivify          ||     1
 Stab: Sleeping          ||     1
Armor: Leather armour    ||    12
       Chain mail        ||    22
Dodge: Dodged            ||    44
